 Dungeon Sprint DCSS version 0.31-a0-963-ga325b2283a (webtiles) character file.

Game seed: 4743341125841051000

44949 sircluck the Wrestler (level 13, -3/158 HPs)
             Began as a Troll Berserker on Oct 24, 2023.
             Was a High Priest of Trog.
             Killed from afar by a Hell Sentinel (29 damage)
             ... with damnation
             ... in the Dungeon (Sprint VII: "The Pits").
             The game lasted 00:10:54 (2644 turns).

sircluck the Wrestler (Troll Berserker)             Turns: 2644, Time: 00:10:55

Health: -3/158     AC: 20    Str: 30    XL:     13   Next: 99%
Magic:  12/12      EV: 17    Int:  3    God:    Trog [*****.]
Gold:   62         SH:  0    Dex: 14    Spells: 12/12 levels left

rFire   . .          .
                       - Unarmed
rCold   . . .        (no shield)
rNeg    . . .        x - +1 storm dragon scales
rPois   .            (helmet restricted)
rElec   +            o - +0 cloak
rCorr   .            (gloves unavailable)
SInv    .            (boots unavailable)
Will    .....        (no amulet) Stlth
                     k - +3 ring of evasion
HPRegen 1.26/turn    n - +3 ring of dexterity
MPRegen 0.13/turn

%: no teleportation
@: studying Short Blades
A: large, unfitting armour, claws 3, regeneration 1, shaggy fur 1, tough skin 1
a: Renounce Religion, Berserk, Trog's Hand, Brothers in Arms


You were in the Dungeon.
You worshipped Trog.
Trog was extremely pleased with you.
You visited 1 branch You collected 62 gold pieces.

Inventory:

Missiles
 C - 4 large rocks
Armour
 a - a +0 animal skin
 o - a +0 cloak (worn)
 p - a +0 troll leather armour
 x - +1 storm dragon scales (worn)
Jewellery
 k - a +3 ring of evasion (left claw)
 n - a +3 ring of dexterity (right claw)
 v - a ring of protection from fire
 w - a ring of willpower
 z - a ring of ice
Wands
 y - a wand of iceblast (4)
 A - a wand of paralysis (8)
 B - a wand of polymorph (2)
Scrolls
 g - 4 scrolls of blinking
 i - 2 scrolls of vulnerability
 j - a scroll of summoning
 q - 3 scrolls of enchant weapon
 r - a scroll of fear
 s - 2 scrolls of identify
 t - a scroll of fog
Potions
 b - 9 potions of curing
 c - 20 potions of heal wounds
 d - 2 potions of haste
 e - 4 potions of magic
 f - 3 potions of berserk rage
 h - 2 potions of invisibility
 l - a potion of might
 m - a potion of mutation
 u - 2 potions of attraction


   Skills:
 + Level 18.2 Fighting
 + Level 12.0 Armour
 + Level 18.1 Dodging
 + Level 21.1 Unarmed Combat


You had 12 spell levels left.
You didn't know any spells.
Your spell library was empty.

Dungeon Overview and Level Annotations

Branches:
Dungeon (1/1)

Altars:
Ashenzari
Cheibriados
Dithmenos
Elyvilon
Fedhas
Gozag
Hepliaklqana
Kikubaaqudgha
Makhleb
Nemelex Xobeh
Okawaru
Qazlal
Ru
Sif Muna
Trog
Uskayaw
Vehumet
Wu Jian
Xom
Yredelemnul
Zin
The Shining One
Jiyva
Lugonu


Innate Abilities, Weirdness & Mutations

You are too large for most types of armour.
You have claws for hands.
Your natural rate of healing is unusually fast.
You are covered in fur. (AC +1)
You have tough skin. (AC +1)


Message History

The Hell Sentinel gestures at you.
The sphere of damnation explodes!
The damnation engulfs your iron troll!!!
Your iron troll dies!
Your iron troll's corpse disappears in a puff of smoke!
The damnation engulfs the Hell Sentinel.
The Hell Sentinel completely resists.
The damnation engulfs you!! The fire dragon breathes flames at you.
The blast of flame hits the Hell Sentinel.
The Hell Sentinel completely resists.
The blast of flame hits you!!! The balrug gestures at you.
Something smites you!
Your iron troll goes berserk!
The Hell Sentinel gestures at you. The iron shot hits you!!!
* * * LOW HITPOINT WARNING * * *
You swap places.
The Hell Sentinel hits your iron troll but does no damage.
The Hell Sentinel hits your iron troll.
Your iron troll bites the Hell Sentinel but does no damage.
Your iron troll claws the Hell Sentinel!!
Your iron troll claws the Hell Sentinel but does no damage.
The fire dragon breathes flames at you.
The blast of flame hits the Hell Sentinel.
The Hell Sentinel completely resists.
The blast of flame hits your iron troll!
Your iron troll resists.
The blast of flame misses you.
There is an open door, spattered with blood here.
Unknown command.
You feel much better.
Your iron troll bites the Hell Sentinel!!
Your iron troll claws the Hell Sentinel!
Your iron troll claws the Hell Sentinel but does no damage.
The Hell Sentinel gestures at you.
The sphere of damnation explodes!
The damnation engulfs your iron troll!!!
The damnation engulfs the Hell Sentinel.
The Hell Sentinel completely resists.
The damnation engulfs you!!
You die...

##.##
...
.2s
#e#
#2#
#D#
#1#
#T#
#@#
#.#
#)#
#)#
#÷#
#.#
#'#
#.#
#†#


You could see a Hell Sentinel (ally target), a fire dragon, a balrug, a deep elf
master archer, a green death, a wolf spider and a friendly iron troll (summoned,
berserk).

Vanquished Creatures
  A Hell Sentinel (D)
  A lich (D)
  2 titans (D)
  A deep elf sorcerer (D)
  A vampire knight (D)
  A black draconian (D)
  An eidolon (D)
  Erolcha (D)
  A boulder beetle (D)
  A vampire mage (D)
  A spriggan (D)
  A skeletal warrior (D)
  A sea snake (D)
  A spriggan druid (D)
  2 harpies (D)
  A deep elf zephyrmancer (D)
  A necromancer (D)
  An orange demon (D)
  A gargoyle (D)
  3 kobold demonologists (D)
  An unseen horror (D)
  2 ice devils (D)
  A hornet (D)
  6 dream sheep (D)
  2 snapping turtles (D)
  Sigmund (D)
  2 flying skulls (D)
  A jumping spider (D)
  An air elemental (D)
  A wyvern (D)
  2 ynoxinuls (D)
  A water elemental (D)
  A small abomination (D)
  5 yaks (D)
  A steam dragon (D)
  7 vampire mosquitoes (D)
  A redback (D)
  2 hell hounds (D)
  An acid dragon (D)
  2 nagas (D)
  A water moccasin (D)
  2 orc warriors (D)
  2 swamp drakes (D)
  An ogre (D)
  4 wolves (D)
  A kobold brigand (D)
  A necrophage (D)
  A bullfrog (D)
  4 scorpions (D)
  A crimson imp (D)
  A gnoll bouda (D)
  3 orc wizards (D)
  A mummy (D)
  4 gnolls (D)
  An adder (D)
  A river rat (D)
  A white imp (D)
  An ufetubus (D)
  An adder zombie (D)
  2 adder skeletons (D)
  A worm (D)
  An adder simulacrum (D)
  7 orcs (D)
  2 quokkas (D)
  A ball python (D)
  A frilled lizard (D)
  A giant cockroach zombie (D)
  4 kobolds (D)
  A rat (D)
118 creatures vanquished.

Vanquished Creatures (collateral kills)
  A rockslime (D)
  2 emperor scorpions (D)
  A balrug (D)
  A ghost moth (D)
  An apis (D)
  Nessos (D)
  An ice dragon (D)
  A hydra (D)
  A merfolk avatar (D)
  A deep troll shaman (D)
  An alligator snapping turtle (D)
  5 death yaks (D)
  2 naga warriors (D)
  A vampire mage (D)
  A shadow wraith (D)
  5 skeletal warriors (D)
  A deep troll (D)
  A sea snake (shapeshifter) (D)
  An orc knight (D)
  3 harpies (D)
  A cyclops (D)
  A merfolk siren (D)
  A naga mage (D)
  A molten gargoyle (D)
  A kobold demonologist (D)
  A hellwing (D)
  An air elemental (D)
  A wraith (D)
  A yak (D)
  A neqoxec (D)
  3 nagas (D)
  A hell hound (D)
  A sky beast (D)
  A centaur (D)
  2 wolves (D)
  An orc priest (D)
  2 adder skeletons (D)
  A bat skeleton (D)
  A kobold (D)
  2 ball python skeletons (D)
57 creatures vanquished.

Grand Total: 175 creatures vanquished

Notes
Turn   | Place    | Note
-------+----------+-------------------------------------------
     0 | D        | sircluck the Troll Berserker began the quest for the Orb.
     0 | D        | Reached XP level 1. HP: 22/22 MP: 0/0
    26 | D        | Found a bloodstained altar of Trog.
    26 | D        | Found a shimmering blue altar of Sif Muna.
    26 | D        | Found a viscous altar of Jiyva.
    26 | D        | Found a hazy altar of Hepliaklqana.
    26 | D        | Found an opulent altar of Gozag.
    27 | D        | Found a glowing golden altar of the Shining One.
    27 | D        | Found a glowing silver altar of Zin.
    27 | D        | Found a basalt altar of Yredelemnul.
    27 | D        | Found a shimmering altar of Xom.
    27 | D        | Found an ornate altar of the Wu Jian Council.
    27 | D        | Found a sacrificial altar of Ru.
    27 | D        | Found a stormy altar of Qazlal.
    27 | D        | Found an iron altar of Okawaru.
    27 | D        | Found a sparkling altar of Nemelex Xobeh.
    27 | D        | Found a burning altar of Makhleb.
    27 | D        | Found a blossoming altar of Fedhas.
    27 | D        | Found a white marble altar of Elyvilon.
    27 | D        | Found a shadowy altar of Dithmenos.
    27 | D        | Found a snail-covered altar of Cheibriados.
    31 | D        | Found a corrupted altar of Lugonu.
    31 | D        | Found a radiant altar of Vehumet.
    32 | D        | Found a broken altar of Ashenzari.
    32 | D        | Found an ancient bone altar of Kikubaaqudgha.
    32 | D        | Found a hide-covered altar of Uskayaw.
    68 | D        | Noticed a scorpion
    77 | D        | Killed a scorpion
    78 | D        | Reached skill level 5 in Unarmed Combat
    78 | D        | Reached XP level 2. HP: 9/32 MP: 1/1
    78 | D        | Reached XP level 3. HP: 11/39 MP: 2/2
    79 | D        | Reached ** piety under Trog
   111 | D        | Noticed a scorpion
   120 | D        | Killed a scorpion
   121 | D        | Reached skill level 5 in Fighting
   121 | D        | Reached skill level 5 in Dodging
   121 | D        | Reached skill level 6 in Unarmed Combat
   121 | D        | Reached XP level 4. HP: 36/50 MP: 3/3
   151 | D        | Reached *** piety under Trog
   156 | D        | Reached XP level 5. HP: 57/57 MP: 4/4
   239 | D        | Noticed a flying skull
   239 | D        | Noticed a water moccasin
   239 | D        | Noticed an orc warrior
   250 | D        | Reached **** piety under Trog
   259 | D        | Killed a water moccasin
   260 | D        | Reached skill level 7 in Unarmed Combat
   261 | D        | Killed a flying skull
   262 | D        | Reached skill level 8 in Unarmed Combat
   262 | D        | Reached XP level 6. HP: 30/71 MP: 5/5
   269 | D        | Reached ***** piety under Trog
   307 | D        | Killed an orc warrior
   308 | D        | Reached skill level 9 in Unarmed Combat
   308 | D        | Reached XP level 7. HP: 26/79 MP: 6/6
   373 | D        | Noticed Erolcha
   378 | D        | Killed Erolcha
   379 | D        | Reached skill level 10 in Unarmed Combat
   379 | D        | Reached XP level 8. HP: 43/92 MP: 7/7
   425 | D        | Reached skill level 11 in Unarmed Combat
   433 | D        | Reached ****** piety under Trog
   467 | D        | Received a gift from Trog
   468 | D        | Reached skill level 10 in Fighting
   473 | D        | Reached skill level 10 in Dodging
   476 | D        | Reached skill level 12 in Unarmed Combat
   594 | D        | Noticed a snapping turtle
   616 | D        | Killed a snapping turtle
   617 | D        | Reached XP level 9. HP: 20/102 MP: 8/8
   799 | D        | Noticed a vampire mage
   805 | D        | Killed a vampire mage
   816 | D        | Reached skill level 13 in Unarmed Combat
   860 | D        | Received a gift from Trog
   883 | D        | HP: 1/106 [something (16)]
   884 | D        | Killed a shadow wraith
   885 | D        | Reached skill level 14 in Unarmed Combat
   885 | D        | Reached XP level 10. HP: 15/115 MP: 9/9
   979 | D        | Received a gift from Trog
  1028 | D        | Noticed a deep elf zephyrmancer
  1038 | D        | Killed a deep elf zephyrmancer
  1045 | D        | Paralysed by an air elemental for 1 turns
  1050 | D        | Received a gift from Trog
  1059 | D        | Noticed a gargoyle
  1072 | D        | Killed a gargoyle
  1073 | D        | Reached skill level 15 in Unarmed Combat
  1137 | D        | Noticed Sigmund
  1139 | D        | Identified the +8 dagger "Uhadumig" {antimagic, Drain rPois
                  | rF+} (Trog gifted it to you in the Dungeon)
  1139 | D        | Received a gift from Trog
  1156 | D        | Killed Sigmund
  1166 | D        | Noticed a spriggan rider
  1179 | D        | Killed a spriggan rider
  1179 | D        | Received a gift from Trog
  1184 | D        | Reached XP level 11. HP: 127/127 MP: 10/10
  1185 | D        | Noticed an eidolon
  1192 | D        | Killed an eidolon
  1195 | D        | Reached skill level 16 in Unarmed Combat
  1225 | D        | Noticed a sea snake
  1237 | D        | Killed a sea snake
  1361 | D        | Noticed a deep troll
  1364 | D        | Received a gift from Trog
  1380 | D        | Killed a deep troll
  1514 | D        | Received a gift from Trog
  1554 | D        | Reached skill level 1 in Armour
  1557 | D        | Noticed a naga warrior
  1568 | D        | Noticed a naga warrior
  1571 | D        | Killed a naga warrior
  1571 | D        | Identified the +4 great sword "Wengan" {heavy, rElec rF-
                  | SInv} (Trog gifted it to you in the Dungeon)
  1571 | D        | Received a gift from Trog
  1574 | D        | Noticed an orc knight
  1576 | D        | Killed a naga warrior
  1578 | D        | Killed an orc knight
  1579 | D        | Reached skill level 17 in Unarmed Combat
  1614 | D        | Noticed a death yak
  1614 | D        | Noticed a vampire mage
  1616 | D        | Noticed a death yak
  1616 | D        | Noticed a death yak
  1617 | D        | Noticed a death yak
  1618 | D        | Noticed a death yak
  1619 | D        | Killed a death yak
  1623 | D        | Killed a death yak
  1623 | D        | Received a gift from Trog
  1625 | D        | Killed a death yak
  1626 | D        | Killed a vampire mage
  1627 | D        | Reached skill level 15 in Fighting
  1630 | D        | Killed a death yak
  1631 | D        | Reached skill level 5 in Armour
  1631 | D        | Reached skill level 15 in Dodging
  1631 | D        | Reached XP level 12. HP: 141/141 MP: 11/11
  1631 | D        | Killed a death yak
  1646 | D        | Received a gift from Trog
  1673 | D        | Received a gift from Trog
  1677 | D        | Reached skill level 18 in Unarmed Combat
  1774 | D        | Noticed a black draconian
  1774 | D        | Noticed a deep troll shaman
  1777 | D        | Killed a deep troll shaman
  1783 | D        | Killed a black draconian
  1788 | D        | Received a gift from Trog
  1933 | D        | Noticed a vampire knight
  1933 | D        | Noticed a balrug
  1933 | D        | Noticed a merfolk avatar
  1933 | D        | Noticed an apis
  1933 | D        | Noticed an emperor scorpion
  1935 | D        | Killed an apis
  1946 | D        | Killed a vampire knight
  1953 | D        | Killed an emperor scorpion
  1957 | D        | Received a gift from Trog
  1958 | D        | Noticed a five-headed hydra
  1966 | D        | Killed a balrug
  1970 | D        | Killed a merfolk avatar
  1970 | D        | Killed a five-headed hydra
  1971 | D        | Reached skill level 19 in Unarmed Combat
  1974 | D        | Noticed an alligator snapping turtle
  1979 | D        | Killed an alligator snapping turtle
  1979 | D        | Received a gift from Trog
  1981 | D        | Identified the +7 great sword "Tuewec Xiur" {heavy, rElec
                  | Int+3 Dex+2}
  1983 | D        | Noticed an ice dragon
  1984 | D        | Killed an ice dragon
  1985 | D        | Reached XP level 13. HP: 48/154 MP: 12/12
  2008 | D        | Received a gift from Trog
  2025 | D        | Noticed an emperor scorpion
  2031 | D        | Noticed Nessos
  2033 | D        | Killed an emperor scorpion
  2036 | D        | Killed Nessos
  2036 | D        | Received a gift from Trog
  2038 | D        | Reached skill level 10 in Armour
  2127 | D        | Received a gift from Trog
  2128 | D        | Reached skill level 20 in Unarmed Combat
  2189 | D        | Paralysed by an air elemental for 1 turns
  2196 | D        | Received a gift from Trog
  2230 | D        | Killed a ghost moth
  2231 | D        | Received a gift from Trog
  2372 | D        | Noticed a titan
  2378 | D        | Killed a titan
  2435 | D        | Noticed a titan
  2445 | D        | Killed a titan
  2476 | D        | Noticed a deep elf sorcerer
  2479 | D        | Killed a deep elf sorcerer
  2479 | D        | Received a gift from Trog
  2482 | D        | Noticed a Hell Sentinel
  2491 | D        | Killed a Hell Sentinel
  2523 | D        | Noticed a lich
  2529 | D        | Killed a lich
  2530 | D        | Reached skill level 21 in Unarmed Combat
  2630 | D        | Noticed a deep elf master archer
  2630 | D        | Noticed a fire dragon
  2630 | D        | Noticed a Hell Sentinel
  2630 | D        | Noticed a balrug
  2630 | D        | Noticed a green death
  2630 | D        | Noticed a rockslime
  2636 | D        | Killed a rockslime
  2642 | D        | HP: 3/158 [Hell Sentinel/iron shot (50)]
  2644 | D        | Killed from afar by a Hell Sentinel

Illustrated notes

Levels and vault maps discovered:
D:        pitsprint [storerooms_1, entrance_room_1, metal_vault_6, armoury_1,
          mini_pit_1, grid_room_1, main_hall_1, silver_pit, the_coven_3,
          the_vestibule_1, steel_vault_2, golden_pit, hallway_of_sentries,
          crystal_vault_1, iron_vault_4, final_vault]

Skill      XL: |  1  2  3  4  5  6  7  8  9 10 11 12 13 |
---------------+----------------------------------------+-----
Fighting       | 4 5 7 9 10 12 13 15 16 18 | 18.2
Dodging        | 4 5 7 9 10 11 13 15 16 18 | 18.1
Unarmed Combat | 5 6 8 9 10 12 14 15 17 19 21 | 21.1
Armour         | 5 9 12 | 12.0

Action                     |  1- 3 |  4- 6 |  7- 9 | 10-12 | 13-15 || total
---------------------------+-------+-------+-------+-------+-------++-------
  Melee: Unarmed           |    21 |    36 |    97 |   156 |    74 ||   384
         Punch             |       |     4 |     5 |    17 |    10 ||    36
 Invoke: Berserk           |       |       |     1 |     2 |     1 ||     4
         Brothers in Arms  |       |       |     1 |     8 |     6 ||    15
    Use: Potion            |       |       |     1 |     1 |     1 ||     3
   Stab: Sleeping          |       |       |     1 |       |       ||     1
 Armour: Animal skin       |    22 |    22 |    50 |    64 |       ||   158
         Troll leather arm |       |       |       |    39 |    14 ||    53
         Storm dragon scal |       |       |       |       |    49 ||    49
  Dodge: Dodged            |    10 |    18 |    46 |   123 |    51 ||   248

Table legend: (Time is in decaauts)
 A = Elapsed time spent in this place.
 B = Non-inter-level travel time spent in this place.
 C = Inter-level travel time spent in this place.
 D = Time resting spent in this place.
 E = Time spent auto-exploring this place.
 F = Levels seen in this place.
 G = Mean time per level.
                   A        B        C        D        E       F      G
               +--------+--------+--------+--------+--------+-----+--------+
         Total |   2649 |   2619 |     30 |   1074 |    283 |   1 | 2649.0 |
       Dungeon |   2649 |   2619 |     30 |   1074 |    283 |   1 | 2649.0 |
               +--------+--------+--------+--------+--------+-----+--------+

Top non-repeatable levels by time:
       D: 2649 daAuts
